 Dungeon Crawl Stone Soup version 0.31-a0-1025-g2e47921a08 (webtiles) character file.

Game seed: 17293285094788635784

2197 Monkfish the Covert (level 9, 0/52 HPs)
             Began as a Kobold Monk on Nov 18, 2023.
             Was a Believer of Dithmenos.
             Slain by a steam dragon (4 damage)
             ... on level 7 of the Dungeon.
             The game lasted 00:07:34 (6498 turns).

Monkfish the Covert (Kobold Monk)                   Turns: 6498, Time: 00:07:34

Health: 0/52       AC:  4    Str:  8    XL:     9   Next: 60%
Magic:  9/9        EV: 22    Int: 11    God:    Dithmenos [**....]
Gold:   441        SH:  5    Dex: 22    Spells: 8/8 levels left

rFire   . . .        f - +9 dagger "Qarix" {drain, rElec Will+}
rCold   . . .        (no shield)
rNeg    . . .        e - +1 leather armour of the Elven Halls {Will- rCorr Stlth+}
rPois   .            (no helmet)
rElec   +            (no cloak)
rCorr   +            (no gloves)
SInv    .            (no boots)
Will    +....        a - amulet of reflection
Stlth   ++++++++++   g - +5 ring of evasion
HPRegen 0.28/turn    o - ring of willpower
MPRegen 0.11/turn

%: reflection
@: wreathed by umbra
A: small, no large weapons, nightstalker 3
a: Renounce Religion, Shadow Step


You were on level 7 of the Dungeon.
You worshipped Dithmenos.
Dithmenos was pleased with you.
You visited 2 branches of the dungeon, and saw 8 of its levels.

You collected 441 gold pieces.

Inventory:

Hand Weapons
 f - the +9 dagger "Qarix" (weapon) {drain, rElec Will+}
   (You acquired it on level 3 of the Dungeon)

   rElec:     It insulates you from electricity.
   Will+:     It increases your willpower.
Armour
 d - an orb of light
 e - the +1 leather armour of the Elven Halls (worn) {Will- rCorr Stlth+}
   (You found it on level 3 of the Dungeon)

   Will-:     It decreases your willpower.
   rCorr:     It protects you from acid and corrosion.
   Stlth+:    It makes you more stealthy.
Jewellery
 a - an amulet of reflection (around neck)
 g - a +5 ring of evasion (left hand)
 o - a ring of willpower (right hand)
Wands
 s - a wand of polymorph (4)
Scrolls
 k - 7 scrolls of teleportation
 m - 6 scrolls of identify
 n - 3 scrolls of enchant weapon
 p - a scroll of poison
 r - a scroll of blinking
 t - a scroll of enchant armour {unknown}
Potions
 b - 2 potions of might
 c - a potion of ambrosia
 h - a potion of attraction
 i - a potion of haste
 j - 2 potions of berserk rage
 l - 2 potions of heal wounds
 q - a potion of enlightenment {unknown}


   Skills:
 + Level 3.9 Fighting
 * Level 7.9 Short Blades
 + Level 2.7 Armour
 + Level 4.8 Dodging
 * Level 13.2 Stealth
 + Level 1.5 Shields


You had 8 spell levels left.
You didn't know any spells.
Your spell library contained the following spells:

 Spells                   Type           Power      Damage    Failure   Level
 Ensorcelled Hibernation  Hex/Ice        0%         N/A       58%         2
 Passwall                 Tmut/Erth      0%         N/A       58%         2
 Call Canine Familiar     Summ           0%         N/A       83%         3
 Ozocubu's Armour         Ice            0%         N/A       83%         3
 Sigil of Binding         Hex            0%         N/A       83%         3
 Swiftness                Air            0%         N/A       83%         3
 Dimensional Bullseye     Hex/Tloc       0%         N/A       99%         4
 Leda's Liquefaction      Hex/Erth       0%         N/A       99%         4
 Metabolic Englaciation   Hex/Ice        0%         N/A       100%        5
 Simulacrum               Ice/Necr       0%         N/A       100%        6


Dungeon Overview and Level Annotations

Branches:
Dungeon (7/15)             Temple (1/1) D:5

Altars:
Ashenzari
Cheibriados
Dithmenos
Elyvilon
Fedhas
Gozag
Hepliaklqana
Kikubaaqudgha
Makhleb
Okawaru
Qazlal
Ru
Sif Muna
Trog
Uskayaw
Vehumet
Wu Jian
Xom
Yredelemnul
Zin
The Shining One

Shops:
D:3 =   D:7 **


Innate Abilities, Weirdness & Mutations

You are small and have problems with some larger weapons.
You are completely attuned to the shadows.


Message History

You open the door.
There is an open door here.
As you close the door, it creaks loudly!
You start resting.
HP restored.
You open the door.
There is an open door here.
You now have 441 gold pieces (gained 12).
Items here: ( )) [ †.
Found a cabochon ring.
The steam dragon hisses angrily.
The steam dragon breathes steam at you. The ball of steam hits you!!
The steam dragon bites you! The steam dragon barely misses you.
You hit the steam dragon but do no damage.
You hit the steam dragon. You drain the steam dragon.
The steam dragon is lightly wounded.
The steam dragon completely misses you. The steam dragon misses you.
You hit the steam dragon.
The steam dragon is moderately wounded.
You hit the steam dragon.
The steam dragon is moderately wounded.
The steam dragon closely misses you. The steam dragon misses you.
You puncture the steam dragon!
The steam dragon is heavily wounded.
The steam dragon breathes steam at you. The ball of steam hits you!
* * * LOW HITPOINT WARNING * * *
You hit the steam dragon but do no damage.
The steam dragon is heavily wounded.
You are engulfed in a cloud of scalding steam.
You closely miss the steam dragon.
The steam dragon is heavily wounded.
You are engulfed in a cloud of scalding steam.
* * * LOW HITPOINT WARNING * * *
The steam dragon bites you.
* * * LOW HITPOINT WARNING * * *
The steam dragon misses you. The steam dragon bites you.
You die...

#...#
######...#######
#..?.........#..
#............'..
####.....)......#..
#.......).......#..
#....§§.#######.###
#.D§§§..# #.# #
#.@...§§# #.# #
#.......# ###'###
#.......# #.....#
######### #.....#
#>.#####......
#......'......
#.######.....#
#....# #.....#
#....###.....+


You could see a steam dragon (catching breath, drained).

Vanquished Creatures
  Prince Ribbit (D:7)
  Eustachio (D:5)
  A steam dragon (D:7)
  3 ice beasts
  2 ogres (D:4)
  2 kobold brigands (D:7)
  A bullfrog (D:7)
  4 scorpions
  4 wights (D:7)
  4 howler monkeys
  2 orc priests
  A gnoll bouda (D:7)
  A sleepcap (D:5)
  2 iguanas
  2 orc wizards (D:4)
  3 gnolls (D:7)
  13 adders
  3 white imps
  4 ufetubi
  6 worms
  4 dart slugs
  10 orcs
  7 endoplasms
  2 giant cockroaches (D:4)
  6 goblins
  4 hobgoblins
  6 jackals
  9 kobolds
  A quokka (D:3)
  7 ball pythons
  2 bats
  2 frilled lizards (D:1)
  2 rats
122 creatures vanquished.

Vanquished Creatures (others)
  2 kobolds (D:7)
2 creatures vanquished.

Grand Total: 124 creatures vanquished

Notes
Turn   | Place    | Note
-------+----------+-------------------------------------------
     0 | D:1      | Monkfish the Kobold Monk began the quest for the Orb.
     0 | D:1      | Reached XP level 1. HP: 14/14 MP: 1/1
   421 | D:1      | Reached XP level 2. HP: 19/19 MP: 2/2
   967 | D:1      | Found a faded altar of an unknown god.
  1042 | D:1      | Reached skill level 1 in Stealth
  1175 | D:2      | Reached skill level 5 in Short Blades
  1175 | D:2      | Reached skill level 2 in Stealth
  1175 | D:2      | Reached XP level 3. HP: 11/23 MP: 3/3
  1175 | D:2      | Reached XP level 4. HP: 13/28 MP: 4/4
  1974 | D:2      | Reached XP level 5. HP: 33/33 MP: 5/5
  2254 | D:2      | Reached skill level 3 in Stealth
  2511 | D:3      | Identified the +1 leather armour of the Elven Halls {Will-
                  | rCorr Stlth+}
  2514 | D:3      | Identified a scroll of acquirement
  2514 | D:3      | Acquired the +9 dagger "Qarix" {drain, rElec Will+}
  2664 | D:3      | Found Quyn's Jewellery Shop.
  3199 | D:4      | Reached skill level 4 in Stealth
  3290 | D:4      | Reached XP level 6. HP: 25/38 MP: 6/6
  3369 | D:4      | Identified the +1 robe of Ru's Righteous Anger {Will+
                  | Regen+ Str+2}
  3535 | D:4      | Noticed an ogre
  3541 | D:4      | Killed an ogre
  3542 | D:4      | Reached skill level 5 in Stealth
  3619 | D:4      | Noticed an ogre
  3623 | D:4      | Killed an ogre
  3624 | D:4      | Reached skill level 6 in Stealth
  3624 | D:4      | Reached XP level 7. HP: 42/42 MP: 7/7
  3887 | D:4      | Reached skill level 7 in Stealth
  4133 | D:5      | Entered Level 5 of the Dungeon
  4156 | D:5      | Found a shimmering altar of Xom.
  4166 | D:5      | Found an ancient bone altar of Kikubaaqudgha.
  4206 | D:5      | Noticed Eustachio
  4217 | D:5      | Killed Eustachio
  4218 | D:5      | Reached skill level 1 in Armour
  4218 | D:5      | Reached skill level 8 in Stealth
  4326 | D:5      | Found a staircase to the Ecumenical Temple.
  4413 | D:5      | Reached XP level 8. HP: 48/48 MP: 8/8
  4570 | Temple   | Entered the Ecumenical Temple
  4577 | Temple   | Became a worshipper of Dithmenos the Shadowed
  4577 | Temple   | Reached * piety under Dithmenos
  4577 | Temple   | Reached ** piety under Dithmenos
  4630 | D:5      | Found a glowing golden altar of the Shining One.
  4630 | D:5      | Found an iron altar of Okawaru.
  4718 | D:5      | Reached skill level 9 in Stealth
  5132 | D:6      | Reached skill level 10 in Stealth
  5176 | D:6      | Found a broken altar of Ashenzari.
  5795 | D:7      | Reached skill level 11 in Stealth
  5826 | D:7      | Reached XP level 9. HP: 43/52 MP: 9/9
  6097 | D:7      | Reached skill level 1 in Shields
  6102 | D:7      | Reached skill level 12 in Stealth
  6302 | D:7      | Noticed Prince Ribbit
  6304 | D:7      | Found Omurolong's Specific Store.
  6305 | D:7      | Killed Prince Ribbit
  6306 | D:7      | Found Forphi's General Store.
  6313 | D:7      | Reached skill level 13 in Stealth
  6498 | D:7      | Slain by a steam dragon

Illustrated notes

Levels and vault maps discovered:
D:1:      psy_arrival_basics, layout_loops_corners,
          shapermc_ecumenical_altar_ellora
D:2:      layout_basic, guppyfry_early_lair_pool
D:3:      layout_rooms, serial_shops, nicolae_shop_rolling_square,
          minmay_strange_pillars, minmay_hedge_maze
D:4:      cheibrodos_barr_body, layout_basic, wad_floor_pattern_untrapped
D:5:      layout_basic, nicolae_overflow_squiral,
          amethyst_overflow_temple_binary, minmay_temple_entry_stoned_glass,
          grunt_ministairs_2, uniq_eustachio
D:6:      layout_cave_pools, ashenzari_conservatory_becter
D:7:      layout_basic, nicolae_specific_store, moated_statue,
          eino_tiny_chamber, uniq_prince_ribbit1
Temple:   nicolae_temple_bog_church

Skill      XL: |  1  2  3  4  5  6  7  8  9 |
---------------+----------------------------+-----
Stealth        | 2 4 6 8 11 13 | 13.2
Short Blades   | 5 6 7 |  7.9
Dodging        | 4 |  4.8
Armour         | 1 2 |  2.7
Shields        | 1 |  1.5
Fighting       | |  3.9

Action                     |  1- 3 |  4- 6 |  7- 9 || total
---------------------------+-------+-------+-------++-------
  Melee: Short sword       |    49 |   100 |       ||   149
         Punch             |     3 |     2 |       ||     5
         Dagger            |       |    43 |   148 ||   191
    Use: Scroll            |     6 |     7 |     5 ||    18
         Potion            |     1 |     1 |       ||     2
   Stab: Sleeping          |     7 |    20 |    20 ||    47
         Distracted        |       |       |     2 ||     2
 Armour: Robe              |    12 |    22 |       ||    34
         Leather armour    |       |     7 |    28 ||    35
  Dodge: Dodged            |    29 |    63 |    58 ||   150
  Block: Other             |       |       |    18 ||    18

Table legend: (Time is in decaauts)
 A = Elapsed time spent in this place.
 B = Non-inter-level travel time spent in this place.
 C = Inter-level travel time spent in this place.
 D = Time resting spent in this place.
 E = Time spent auto-exploring this place.
 F = Levels seen in this place.
 G = Mean time per level.
                   A        B        C        D        E       F      G
               +--------+--------+--------+--------+--------+-----+--------+
         Total |   6371 |   6201 |    170 |    865 |   4483 |   8 |  796.4 |
       Dungeon |   6356 |   6198 |    158 |    865 |   4483 |   7 |  908.0 |
        Temple |     14 |      2 |     12 |      0 |      0 |   1 |   14.0 |
               +--------+--------+--------+--------+--------+-----+--------+

Top non-repeatable levels by time:
     D:2: 1311 daAuts
     D:4: 1117 daAuts
     D:1: 1099 daAuts
     D:5: 920 daAuts
     D:7: 739 daAuts
     D:6: 647 daAuts
     D:3: 522 daAuts
  Temple: 14 daAuts
